Map: Lost and Found LE

Players

Serral - Winner!

  • Race: Zerg Zerg
  • League: Master
  • Spawn Location: 7:00

Bly

  • Race: Zerg Zerg
  • League: Master
  • Spawn Location: 1:00

Event: HomeStory Cup XVIII

VOD

Have the link to the VOD?

Description

Time

  • Played on: Nov. 23, 2018, 6:45 a.m.
  • Length: 13:35

All games in this series

Show
View Real Time Build Order
Export as new Build Order

Serral Zerg - Winner!

Build Orders: Hatch First, Lurkers 

Get SALT Encoding   

  12  0:00  Drone  
  13  0:12  Overlord  
  13  0:16  Drone  
  14  0:31  Drone x2  
  16  0:47  Hatchery  
  15  0:50  Drone  
  15  0:54  Drone  
  17  0:57  Drone  
  18  1:08  Extractor  
  17  1:15  Drone, Spawning Pool  
  17  1:19  Drone  
  18  1:28  Drone  
  19  2:01  Zergling x8  
  19  2:02  Queen x2  
  27  2:11  Metabolic Boost  
  27  2:14  Zergling x2  
  28  2:23  Zergling x2  
  28  2:34  Drone  
  26  2:38  Drone x2  
  28  2:52  Overlord  
  28  2:59  Hatchery  
  27  3:06  Zergling x2  
  27  3:11  Zergling x8  
  32  3:15  Zergling x4  
  34  3:20  Zergling x4  
  34  3:25  Overlord  
  35  3:31  Overlord  
  35  3:48  Zergling x12  
  38  3:49  Drone  
  38  3:53  Drone x2  
  44  3:56  Drone  
  44  3:59  Drone  
  45  4:03  Drone x2  
  47  4:10  Drone  
  47  4:17  Drone x2  
  47  4:23  Overlord  
  48  4:24  Drone x3, Evolution Chamber  
  48  4:28  Drone x2  
  52  4:35  Drone x2  
  52  4:37  Drone  
  55  4:42  Drone x2  
  55  4:45  Queen  
  57  4:50  Drone x2  
  60  4:56  Zerg Missile Weapons Level 1  
  60  4:58  Roach Warren  
  59  5:00  Drone x2  
  59  5:04  Extractor, Drone  
  59  5:05  Drone  
  59  5:06  Drone  
  63  5:07  Extractor  
  63  5:09  Overlord  
  63  5:11  Drone  
  63  5:13  Drone x2  
  65  5:17  Overlord  
  65  5:20  Overlord  
  65  5:22  Overlord  
  65  5:27  Overlord  
  65  5:34  Lair  
  65  5:37  Queen  
  65  5:38  Roach x2  
  65  5:40  Roach  
  73  5:48  Queen  
  73  5:49  Roach x2  
  79  5:56  Drone  
  79  5:57  Drone x2  
  82  6:00  Overlord  
  82  6:03  Roach x3  
  86  6:12  Roach  
  82  6:25  Queen  
  82  6:26  Queen  
  82  6:30  Drone x6  
  82  6:31  Overseer  
  89  6:34  Glial Reconstitution  
  89  6:44  Overlord  
  89  6:45  Drone x10  
  99  6:47  Spore Crawler  
  99  6:50  Drone x2  
  99  6:55  Drone  
  99  7:00  Extractor, Roach x2  
  103  7:01  Extractor  
  103  7:05  Roach x3  
  110  7:13  Overlord  
  110  7:14  Roach x5  
  110  7:15  Pneumatized Carapace  
  118  7:20  Roach  
  120  7:23  Zerg Missile Weapons Level 2  
  120  7:26  Overseer  
  120  7:29  Overseer  
  120  7:33  Overlord  
  120  7:39  Overlord x2  
  120  7:50  Overlord  
  120  7:51  Extractor, Hatchery  
  120  7:52  Drone x3  
  120  7:54  Drone  
  120  7:56  Roach x3  
  120  7:57  Hydralisk Den  
  127  7:58  Overlord  
  127  8:01  Overlord x2  
  127  8:04  Roach x5  
  137  8:08  Overlord  
  137  8:15  Overlord  
  137  8:16  Roach x7  
  151  8:23  Overlord  
  151  8:26  Overlord  
  151  8:29  Ravager x4  
  151  8:30  Roach x3  
  161  8:36  Drone x4  
  161  8:39  Drone x2  
  161  8:40  Lurker Den  
  166  8:43  Drone x2  
  166  8:47  Overseer  
  166  8:48  Extractor  
  167  8:50  Roach x3  
  167  8:52  Roach x2  
  167  8:53  Roach x2  
  167  8:54  Extractor  
  167  8:55  Roach  
  178  9:06  Infestation Pit  
  178  9:09  Overseer x3  
  177  9:12  Drone x3, Spine Crawler  
  177  9:14  Spine Crawler, Spore Crawler  
  177  9:18  Roach x4  
  177  9:23  Ravager  
  186  9:30  Roach x6  
  198  9:46  Muscular Augments  
  198  9:52  Hydralisk, Spine Crawler  
  195  10:01  Hive  
  195  10:03  Hydralisk x2  
  195  10:05  Zerg Ground Armor Level 1  
  199  10:09  Tunneling Claws, Burrow  
  199  10:36  Spine Crawler  
  199  10:38  Lurker  
  199  10:41  Hatchery  
  199  10:42  Spine Crawler  
  195  10:44  Hydralisk, Lurker x2  
  199  10:57  Grooved Spines  
  199  11:06  Hydralisk  
  199  11:07  Roach x28  
  180  11:18  Roach x10  
  191  11:29  Hydralisk x5, Lurker  
  193  11:37  Hydralisk x14  
  191  11:43  Adaptive Talons  
  191  11:46  Roach x17  
  187  11:53  Lurker  
  188  12:00  Overlord, Lurker x3  
  191  12:05  Roach x2  
  191  12:06  Roach x4  
  191  12:07  Roach  
  195  12:18  Roach  
  195  12:19  Roach x2  
  195  12:20  Roach x3  
  195  12:21  Roach x3  
  195  12:22  Roach x3  
  199  12:23  Roach x5  
  195  12:32  Roach x3  
  195  12:35  Drone x5  
  200  12:40  Spine Crawler  
  200  12:41  Spine Crawler  
  200  12:42  Roach x5  
  200  12:43  Roach x2  
  200  12:46  Extractor  
  197  12:53  Roach x2  
  197  12:55  Roach  
  197  12:58  Roach  
  197  12:59  Roach  
  197  13:01  Roach x5  
  197  13:02  Overseer, Roach x2  
  197  13:03  Roach  
  197  13:04  Roach  
  199  13:08  Roach x2  
  199  13:11  Roach x3  
Show
View Real Time Build Order
Export as new Build Order

Bly Zerg 

Build Orders: Pool First, Lurkers 

Get SALT Encoding   

  12  0:17  Spawning Pool  
  11  0:22  Drone  
  11  0:26  Drone  
  13  0:31  Drone  
  14  0:40  Overlord  
  15  1:04  Zergling x4  
  15  1:05  Zergling x2  
  17  1:16  Zergling x2  
  18  1:19  Hatchery  
  17  1:27  Zergling x2  
  18  1:33  Queen  
  18  1:38  Zergling x2  
  21  1:48  Overlord  
  21  2:00  Drone  
  22  2:09  Queen  
  22  2:10  Drone  
  25  2:26  Drone  
  26  2:33  Queen  
  23  2:38  Drone  
  23  2:39  Drone  
  23  2:42  Drone  
  23  2:43  Drone x3  
  28  2:45  Drone  
  29  2:54  Queen  
  31  3:08  Drone x2  
  31  3:09  Drone x2  
  31  3:11  Extractor  
  31  3:12  Extractor  
  33  3:20  Drone x3  
  33  3:26  Overlord  
  36  3:38  Overlord  
  36  3:45  Drone x5  
  41  3:51  Zergling x6  
  44  3:58  Zergling x4  
  44  4:01  Zergling x2  
  43  4:03  Queen  
  43  4:04  Zergling x2  
  43  4:05  Zergling x2  
  43  4:07  Zergling x2  
  48  4:16  Lair  
  47  4:25  Zergling x4  
  47  4:27  Drone  
  50  4:35  Drone x2  
  52  4:47  Evolution Chamber  
  52  4:48  Roach Warren  
  49  4:53  Evolution Chamber  
  49  4:55  Drone x4  
  52  5:03  Overlord  
  52  5:12  Extractor  
  51  5:14  Drone  
  51  5:17  Zerg Missile Weapons Level 1  
  52  5:21  Overlord  
  52  5:24  Drone x6  
  58  5:32  Glial Reconstitution  
  58  5:36  Drone x2  
  58  5:38  Overlord  
  60  5:48  Hatchery  
  59  5:55  Drone x5  
  64  5:58  Drone  
  64  5:59  Drone  
  66  6:06  Drone x2  
  66  6:07  Extractor  
  59  6:23  Drone x5  
  59  6:24  Drone  
  59  6:25  Drone x3  
  67  6:35  Roach  
  67  6:37  Zerg Ground Armor Level 1  
  67  6:38  Roach x2  
  73  6:44  Roach  
  73  6:45  Overlord  
  73  6:46  Overlord  
  74  6:58  Overlord  
  74  7:12  Drone  
  74  7:13  Drone x5  
  74  7:14  Extractor  
  74  7:15  Extractor  
  78  7:17  Zerg Missile Weapons Level 2  
  78  7:18  Roach x5, Hydralisk Den  
  78  7:20  Roach  
  78  7:22  Tunneling Claws  
  89  7:26  Burrow, Hatchery  
  88  7:31  Drone x3  
  91  7:43  Roach x4  
  99  7:51  Lurker Den  
  98  7:53  Overlord  
  98  8:11  Roach x4  
  98  8:12  Overlord x2  
  106  8:16  Drone  
  106  8:17  Overlord  
  107  8:23  Ravager x2, Overlord x3  
  109  8:27  Roach x2  
  109  8:32  Roach x5  
  109  8:33  Ravager x5  
  128  8:34  Overseer  
  128  8:40  Roach  
  128  8:41  Roach x3  
  136  8:46  Roach  
  136  8:47  Roach x6  
  150  8:52  Roach x4  
  158  9:06  Hydralisk x3  
  158  9:07  Hydralisk x2  
  158  9:08  Overlord  
  168  9:18  Overlord  
  168  9:20  Overlord  
  168  9:23  Overlord  
  168  9:34  Extractor  
  168  9:35  Roach x4  
  168  9:37  Extractor  
  174  9:42  Lurker  
  174  9:43  Lurker x3  
  176  9:50  Drone x3  
  176  9:51  Drone x5  
  184  9:55  Roach x6  
  184  9:58  Roach x11  
  194  10:07  Roach x3  
  194  10:08  Overlord  
  198  10:18  Infestation Pit  
  198  10:19  Muscular Augments  
  193  10:25  Overlord  
  193  10:26  Lurker  
  184  10:32  Hatchery  
  179  10:36  Roach x6  
  189  10:56  Drone x11  
  189  10:57  Drone x4  
  167  11:28  Roach, Swarm Host  
  167  11:29  Roach x10  
  167  11:30  Grooved Spines  
  184  11:37  Roach x2  
  143  11:48  Hydralisk x4, Roach x12  
  143  11:52  Roach x6  
  151  12:02  Hive, Hydralisk x9  
  155  12:20  Drone  
  155  12:21  Drone x8  
  138  12:30  Ravager  
  138  12:33  Hydralisk x12  
  161  12:37  Ravager x2, Roach x8  
  161  12:39  Roach x8  
  161  12:43  Overseer  
  125  13:00  Roach x11  
  125  13:02  Roach  
  125  13:04  Roach  
  125  13:05  Roach x3  
  123  13:07  Roach x4  
  109  13:15  Roach x2  
  98  13:28  Ravager x2  
Tags
 
Add a new tag
Caveats
  • Supply blocks, unpowered buildings, or Contaminate may cause inaccurate times.
  • Supply counts are checked every 10 seconds.